 Dungeon Crawl Stone Soup version 0.24-a0-19-g0b81bb8f68 (webtiles) character file.

Game seed: 5537092910869269093

9601 LLavrengius the Fighter (level 11, 0/82 HPs)
             Began as an Octopode Transmuter on Feb 1, 2019.
             Was an Initiate of Gozag.
             Shot with an arrow by a centaur (13 damage)
             ... on level 11 of the Dungeon.
             The game lasted 00:54:38 (14238 turns).

LLavrengius the Fighter (Octopode Transmuter)      Turns: 14238, Time: 00:54:39

Health: 0/82       AC:  3    Str: 12    XL:     11   Next: 49%
Magic:  22/22      EV: 16    Int: 19    God:    Gozag
Gold:   872        SH:  0    Dex: 13    Spells: 9/24 levels left

rFire    . . .     SeeInvis +     - Unarmed
rCold    . . .     Gourm    .   (no shield)
rNeg     . . .     Faith    .   G - +2 hat
rPois    .         Spirit   .   l - amulet of regeneration
rElec    .         Reflect  .   A - +3 ring of strength
rCorr    .         Harm     .   B - ring of see invisible
MR       .....                  (no ring)
Stlth    ++........             (no ring)
HPRegen  0.63/turn              (no ring)
MPRegen  0.18/turn              (no ring)
                                (no ring)
                                (no ring)

@: very slightly contaminated, slowed, very slow
A: almost no armour, stealthy swim, amphibious, 8 rings, constrict 8, camouflage
1, gelatinous body 1
a: Potion Petition, Call Merchant, Bribe Branch, Renounce Religion


You were on level 11 of the Dungeon.
You worshipped Gozag.
Gozag was pleased with you.
You were not hungry.

You visited 2 branches of the dungeon, and saw 12 of its levels.

You collected 2146 gold pieces.
You spent 595 gold pieces at shops.
You paid 679 gold pieces to Gozag.

Inventory:

Hand Weapons
 n - a +0 spear
 s - a +1 hunting sling
 y - a +0 glaive
 z - the +1 hand axe of Fate {venom, rElec}
   (You found it on level 6 of the Dungeon)

   It poisons the flesh of those it strikes.
   It insulates you from electricity.
 L - a +0 blowgun
Missiles
 a - 169 arrows
 t - 21 tomahawks (quivered)
 F - 52 sling bullets
 M - 55 poisoned needles
Armour
 G - a +2 hat (worn)
Jewellery
 l - an amulet of regeneration (around mantle)
 A - a +3 ring of strength (left tentacle)
 B - a ring of see invisible (right tentacle)
Wands
 o - a wand of polymorph (8)
 u - a wand of scattershot (2)
 H - a wand of clouds (3)
 I - a wand of random effects (19)
Scrolls
 d - 2 scrolls of magic mapping
 f - a scroll of fear
 g - 2 scrolls of enchant armour
 h - 3 scrolls of remove curse
 i - 8 scrolls of teleportation
 j - a scroll of blinking
 k - a scroll of holy word
 D - 2 scrolls of random uselessness {unknown}
 J - a scroll of identify
 K - a scroll of enchant weapon
Potions
 b - a potion of berserk rage {unknown}
 e - 2 potions of curing
 m - 4 potions of lignification
 p - a potion of resistance {unknown}
 q - a potion of might {unknown}
 r - 2 potions of agility
 v - 3 potions of flight
 w - a potion of brilliance {unknown}
 x - a potion of invisibility
 C - a potion of haste
 E - a potion of heal wounds
Comestibles
 c - 9 rations


   Skills:
 + Level 10.8 Fighting
 + Level 5.3 Dodging
 + Level 8.3 Unarmed Combat
 + Level 7.4 Spellcasting
 - Level 5.5 Transmutations
 - Level 6.0 Poison Magic


You had 9 spell levels left.
You knew the following spells:

 Your Spells              Type           Power        Failure   Level  Hunger
a - Beastly Appendage     Tmut           ####..       1%          1    None
b - Sticks to Snakes      Tmut           ####....     1%          2    None
c - Spider Form           Tmut/Pois      ####......   2%          3    #......
d - Poisonous Vapours     Pois/Air       ###...       4%          2    None
e - Mephitic Cloud        Conj/Pois/Air  ##......     13%         3    #......
f - Olgreb's Toxic Radia  Pois           ####....     9%          4    ###....

Your spell library contained the following spells:

 Spells                   Type           Power        Failure   Level  Hunger
 Sting                    Conj/Pois      ###.         2%          1    None
 Passwall                 Tmut/Erth      ###.....     4%          2    None
 Swiftness                Chrm/Air       #.......     14%         2    None
 Blade Hands              Tmut           ####......   26%         5    #####..
 Ice Form                 Ice/Tmut       ###.....     30%         4    ###....
 Venom Bolt               Conj/Pois      ###.......   61%         5    #####..
 Passage of Golubria      Tloc           N/A          67%         4    ###....
 Lee's Rapid Deconstruct  Erth           #.........   95%         5    #####..
 Darkness                 Hex            #.........   100%        6    ######.
 Invisibility             Hex            #.......     100%        6    ######.


Dungeon Overview and Level Annotations

Branches:
Dungeon (11/15)            Temple (1/1) D:4            Lair (0/6) D:11
    Orc (0/2) D:11

Altars:
Ashenzari
Cheibriados
Dithmenos
Elyvilon
Fedhas
Gozag
Hepliaklqana
Kikubaaqudgha
Makhleb
Nemelex Xobeh
Okawaru
Qazlal
Ru
Sif Muna
Trog
Uskayaw
Vehumet
Wu Jian
Xom
Yredelemnul
Zin
The Shining One
Beogh

Shops:
D:4 (   D:6 :   D:9 *

Annotations:
D:6 4 runed translucent doors
D:11 2 transporters, Josephine; PeterQ's ghost, journeyman DsAs


Innate Abilities, Weirdness & Mutations

You cannot wear most types of armour.
You are very stealthy in the water. (Stealth+)
You are amphibious.
You can wear up to eight rings at the same time.
You can use your tentacles to constrict eight enemies at once.
Your skin changes colour to match your surroundings (Stealth+).
Your rubbery body absorbs attacks. (AC +1, EV +1)


Message History

The orc priest mumbles some strange prayers to Beogh against you.
Beogh smites you!
* * * LOW HITPOINT WARNING * * *
The centaur wields a +0 shortbow.
The centaur shoots an arrow.
The arrow hits you!
* * * LOW HITPOINT WARNING * * *
The centaur unwields a +0 shortbow.
The centaur completely misses you.
You see here 2 arrows.
Blink to where?
Press: ? - help, Dir - move target cursor You are very lightly contaminated with residual magic.
As you read the scroll of blinking, it crumbles to dust.
The centaur shoots an arrow.
The arrow hits you.
* * * LOW HITPOINT WARNING * * *
The centaur drinks a potion.
The centaur seems to speed up.
The centaur shoots an arrow.
The arrow barely misses you.
The centaur wields a +0 shortbow.
The centaur shoots an arrow.
The arrow hits you!
You die...
Your body crumbles into a pile of gold.

####### #.....# ... #.....# ..
#.._..# ##.# ...oo #.. ... #.#
#### ###'### ####.### #..
##8...8# ###......# ##.######
.......# ##§cc.c@..# #........
....>ho###..#......# #........
....looc(o(##.c....# ####........
....Yl#######..>..)###...........
####.## #..........##.......< #.#
#......######........ ##.#
####.### #........ #l.# #.##
##.###### ##.## #..# #>......


You could see 4 centaurs.

Vanquished Creatures
  Harold (D:8)
  A two-headed ogre (D:10)
  Pikel (D:4)
  Joseph (D:8)
  2 kobold demonologists (D:11)
  A troll (D:9)
  2 hippogriffs
  A wyvern (D:9)
  2 wraiths
  A hungry ghost (D:7)
  2 water moccasins
  4 orc warriors
  4 ice beasts
  2 sky beasts (D:7)
  2 black bears
  A necrophage (D:10)
  2 phantoms
  3 ogres
  4 centaurs
  Blork the orc (D:4)
  4 bullfrogs
  5 big kobolds
  2 water moccasin zombies
  5 scorpions
  14 killer bees
  A wight (D:6)
  2 howler monkeys
  3 crimson imps
  A centaur zombie (D:6)
  4 quasits
  5 hounds
  5 jellies
  5 orc priests
  2 centaur skeletons
  A gnoll shaman (D:4)
  A bullfrog skeleton (D:7)
  6 iguanas
  Ijyb (D:4)
  12 orc wizards
  6 worker ants
  A hound skeleton (D:11)
  A worker ant zombie (D:5)
  A howler monkey zombie (D:6)
  4 gnolls (D:4)
  14 adders
  2 shadow imps
  6 oozes
  An adder skeleton (D:4)
  3 adder zombies
  3 worms
  5 dart slugs
  6 leopard geckos
  33 orcs
  A ball python (D:1)
  8 giant cockroaches
  9 goblins
  6 hobgoblins
  8 jackals
  4 quokkas
  11 bats
  2 frilled lizards
  18 kobolds
  A leopard gecko skeleton (D:5)
  A quokka skeleton (D:8)
  7 rats
  A spectral orc (D:8)
280 creatures vanquished.

Vanquished Creatures (collateral kills)
  Sigmund (D:6)
  An ogre (D:4)
  2 jellies (D:6)
  A worker ant (D:4)
  A ball python (D:6)
6 creatures vanquished.

Vanquished Creatures (others)
  2 bushes (D:11)
  4 fungi (D:11)
  14 plants (D:11)
20 creatures vanquished.

Grand Total: 306 creatures vanquished

Notes
Turn   | Place    | Note
-------+----------+-------------------------------------------
     0 | D:1      | LLavrengius the Octopode Transmuter began the quest for the
                  | Orb.
     0 | D:1      | Reached XP level 1. HP: 13/13 MP: 3/3
   155 | D:1      | Reached XP level 2. HP: 14/18 MP: 5/5
   223 | D:1      | Learned a level 2 spell: Sticks to Snakes
   738 | D:2      | Reached XP level 3. HP: 19/23 MP: 7/7
   868 | D:2      | Learned a level 3 spell: Spider Form
  1333 | D:2      | Reached XP level 4. HP: 25/28 MP: 8/8
  2758 | D:3      | Reached XP level 5. HP: 24/33 MP: 10/10
  3463 | D:4      | Found a staircase to the Ecumenical Temple.
  3472 | Temple   | Entered the Ecumenical Temple
  3512 | Temple   | Became a worshipper of Gozag Ym Sagoz the Greedy
  3597 | D:4      | Found Lekoulom's Weapon Boutique.
  3597 | D:4      | Noticed Blork the orc
  3605 | D:4      | Killed Blork the orc
  3605 | D:4      | Reached skill level 1 in Poison Magic
  3803 | D:4      | Noticed Ijyb
  3826 | D:4      | Killed Ijyb
  3826 | D:4      | Reached XP level 6. HP: 38/38 MP: 6/12
  4284 | D:4      | Noticed Pikel
  4284 | D:4      | Noticed a slave
  4295 | D:4      | Noticed a slave
  4295 | D:4      | Noticed a slave
  4297 | D:4      | Noticed a slave
  4333 | D:4      | Killed Pikel
  4333 | D:4      | Reached skill level 3 in Fighting
  4333 | D:4      | Reached skill level 5 in Transmutations
  4333 | D:4      | Reached XP level 7. HP: 11/46 MP: 10/13
  4593 | D:4      | Reached XP level 8. HP: 39/54 MP: 14/14
  4658 | D:4      | Reached skill level 4 in Fighting
  4658 | D:4      | Reached skill level 5 in Unarmed Combat
  5237 | D:5      | Entered Level 5 of the Dungeon
  5285 | D:5      | Reached skill level 5 in Fighting
  5644 | D:5      | Found a burning altar of Makhleb.
  6077 | D:5      | Reached skill level 6 in Fighting
  6194 | D:5      | Reached XP level 9. HP: 29/62 MP: 15/15
  6388 | D:5      | You fall through a shaft!
  6436 | D:6      | Identified the +1 hand axe of Fate {venom, rElec} (You
                  | found it on level 6 of the Dungeon)
  6519 | D:6      | Found Lainumm's Book Shoppe.
  6523 | D:6      | Bought a Young Poisoner's Handbook for 440 gold pieces
  6526 | D:6      | Learned a level 2 spell: Poisonous Vapours
  6530 | D:6      | Learned a level 3 spell: Mephitic Cloud
  6535 | D:6      | Learned a level 4 spell: Olgreb's Toxic Radiance
  6594 | D:6      | Found a hide-covered altar of Uskayaw.
  6644 | D:6      | Found a large runed translucent door.
  6644 | D:6      | Found a large runed translucent door.
  7181 | D:6      | Found a large runed translucent door.
  7181 | D:6      | Found a large runed translucent door.
  7186 | D:6      | Reached skill level 7 in Fighting
  7198 | D:6      | Noticed Sigmund
  7217 | D:6      | Killed Sigmund
  7698 | D:6      | Found a sacrificial altar of Ru.
  7702 | D:6      | Found a shimmering altar of Xom.
  7702 | D:6      | Found an iron altar of Okawaru.
  7713 | D:6      | Found a shadowy altar of Dithmenos.
  7717 | D:6      | Found a blossoming altar of Fedhas.
  7765 | D:6      | Reached skill level 5 in Spellcasting
  8002 | D:6      | Learned a level 1 spell: Sting
  8997 | D:7      | Reached skill level 8 in Fighting
  9280 | D:7      | Reached XP level 10. HP: 70/72 MP: 14/18
  9361 | D:7      | Reached skill level 5 in Poison Magic
  9924 | D:7      | Found a snail-covered altar of Cheibriados.
  9970 | D:7      | Found a radiant altar of Vehumet.
 10420 | D:8      | Noticed Joseph
 10487 | D:8      | Killed Joseph
 10586 | D:8      | Found a basalt altar of Yredelemnul.
 10605 | D:8      | Noticed Harold
 10621 | D:8      | Killed Harold
 10621 | D:8      | Reached skill level 9 in Fighting
 10807 | D:8      | Found an ancient bone altar of Kikubaaqudgha.
 11103 | D:8      | Found a stormy altar of Qazlal.
 11893 | D:9      | Reached skill level 10 in Fighting
 12445 | D:9      | Reached XP level 11. HP: 69/81 MP: 13/21
 12483 | D:10     | Entered Level 10 of the Dungeon
 12650 | D:10     | Noticed a cyclops
 12652 | D:10     | Noticed a skeletal warrior
 12652 | D:10     | Noticed a six-headed hydra
 12666 | D:9      | Bought a large diamond ring for 155 gold pieces
 13304 | D:10     | Noticed a two-headed ogre
 13322 | D:10     | Killed a two-headed ogre
 13350 | D:10     | Noticed a brown ugly thing
 13548 | D:11     | Found a staircase to the Orcish Mines.
 13591 | D:11     | Found a roughly hewn altar of Beogh.
 13677 | D:11     | Reached skill level 5 in Dodging
 13809 | D:11     | Found a transporter.
 13809 | D:11     | Found a transporter.
 13809 | D:11     | Noticed PeterQ's ghost (journeyman DsAs)
 13813 | D:11     | Noticed a death knight
 13871 | D:11     | Noticed a purple ugly thing
 13978 | D:11     | Noticed Josephine
 14216 | D:11     | Found a staircase to the Lair.
 14238 | D:11     | Shot with an arrow by a centaur

Vault maps used:
D:1:      ncdulo_smallfort, hex_intersection
D:2:      first_ration, due_unseen_surprise
D:4:      minmay_temple_entry_mini_moons, serial_shops, shop, minmay_cupped,
          uniq_ijyb, uniq_blork_the_orc, uniq_pikel
D:5:      nicolae_overflow_crystal_walls
D:6:      lemuel_crystal_altar, minmay_overflow_temple_star_hex, serial_shops,
          shop, serial_bayou_lagoon_a, minmay_hollow_rounded_squares,
          uniq_sigmund
D:7:      old_standard_altar, cheibriados_altar_1, minmay_misc_feat_tiny
D:8:      kennysheep_mini, grunt_qazlal_clouds,
          yredelemnul_forgotten_temple_becter, hangedman_little_slice_of_home,
          uniq_joseph, uniq_harold
D:10:     minivault_12
D:11:     minmay_lair_entry_grove, minmay_orc_entry_temple_small,
          gammafunk_ghost_mausoleum, basic_altar, uniq_josephine
Temple:   cyrus_temple_forest

Skill      XL: |  1  2  3  4  5  6  7  8  9 10 11 |
---------------+----------------------------------+-----
Transmutations | 3 4 5 |  5.5
Spellcasting   | 3 4 5 6 7 |  7.4
Poison Magic   | 2 4 6 |  6.0
Fighting       | 3 6 8 10 | 10.8
Unarmed Combat | 4 6 7 8 |  8.3
Dodging        | 3 4 5 |  5.3

Action                   |  1- 3 |  4- 6 |  7- 9 | 10-12 || total
-------------------------+-------+-------+-------+-------++-------
Melee: Unarmed           |    58 |   155 |   320 |   453 ||   986
       Constrict         |    18 |    32 |    41 |    45 ||   136
       Tentacles         |     7 |    13 |    41 |    64 ||   125
       Punch             |     2 |     1 |    13 |    15 ||    31
       Kick              |       |       |       |    19 ||    19
 Cast: Spider Form       |       |     5 |    13 |    15 ||    33
       Sticks to Snakes  |       |     4 |     6 |     8 ||    18
       Poisonous Vapours |       |       |    13 |     6 ||    19
       Beastly Appendage |       |       |       |     5 ||     5
       Olgreb's Toxic Ra |       |       |       |     1 ||     1
Invok: Call Merchant     |       |       |       |     1 ||     1
Evoke: Wand              |       |       |     2 |       ||     2
  Use: Scroll            |       |     1 |     1 |    18 ||    20
       Potion            |       |       |     4 |     2 ||     6
 Stab: Sleeping          |     8 |    12 |     8 |     9 ||    37
       Distracted        |       |       |       |     2 ||     2
  Eat: Chunk             |     1 |     7 |       |       ||     8
       Ration            |       |     1 |     5 |     5 ||    11
Armor: Skin              |     7 |    17 |    10 |    57 ||    91
Dodge: Dodged            |    34 |   113 |   254 |   333 ||   734

Table legend:
 A = Non-vault XP
 B = Vault XP
 C = Vault XP percentage of total XP
 D = Non-vault monster count
 E = Vault monster count
 F = Vault count percentage of total count
                 A         B        C        D         E       F
            +---------+---------+-------+---------+---------+-------
      Total |   10278 |    3438 |  25.1 |     258 |      28 |   9.8
            +---------+---------+-------+---------+---------+-------
        D:1 |      24 |       0 |   0.0 |      13 |       0 |   0.0
        D:2 |     100 |       0 |   0.0 |      30 |       0 |   0.0
        D:3 |      75 |       0 |   0.0 |      19 |       0 |   0.0
        D:4 |     338 |     832 |  71.1 |      19 |       4 |  17.4
        D:5 |    1078 |       0 |   0.0 |      25 |       0 |   0.0
        D:6 |    1108 |     696 |  38.6 |      27 |       9 |  25.0
        D:7 |    1088 |       0 |   0.0 |      29 |       0 |   0.0
        D:8 |    1088 |    1537 |  58.6 |      20 |      11 |  35.5
        D:9 |    1529 |       0 |   0.0 |      23 |       0 |   0.0
       D:10 |    2348 |     205 |   8.0 |      33 |       1 |   2.9
       D:11 |    1502 |     168 |  10.1 |      20 |       3 |  13.0
            +---------+---------+-------+---------+---------+-------
